 Dungeon Crawl Stone Soup version 0.25-a0-35-g747a2b3c0c (webtiles) character file.

Game seed: 12139601013248527792, levelgen mode: deterministic

68 Fingolfin the Magician (level 4, 0/24 HPs)
             Began as a Gargoyle Wizard on Oct 19, 2019.
             Slain by a hound (1 damage)
             ... on level 1 of the Dungeon.
             The game lasted 00:05:36 (1942 turns).

Fingolfin the Magician (Gargoyle Wizard)            Turns: 1942, Time: 00:05:37

Health: 0/24       AC:  5    Str: 10    XL:     4   Next: 19%
Magic:  1/9        EV: 11    Int: 20    God:
Gold:   57         SH:  0    Dex:  8    Spells: 1/10 levels left

rFire    . . .     SeeInvis .   k - +0 spear
rCold    . . .     Gourm    .   (no shield)
rNeg     + . .     Faith    .   a - +0 robe
rPois    ∞         Spirit   .   b - +0 hat
rElec    +         Reflect  .   o - scarf {repulsion}
rCorr    .         Harm     .   (no gloves)
MR       .....                  (no boots)
Stlth    +.........             (no amulet)
HPRegen  0.08/turn              (no ring)
MPRegen  0.11/turn              (no ring)

@: heavily drained, repel missiles
A: negative energy resistance 1, electricity resistance, unbreathing,
petrification resistance, rot immunity, AC +3
a: no special abilities


You were on level 1 of the Dungeon.
You were hungry.

You visited 1 branch of the dungeon, and saw 2 of its levels.

You collected 57 gold pieces.

Inventory:

Hand Weapons
 k - a +0 spear (weapon)
Armour
 a - a +0 robe (worn)
 b - a +0 hat (worn)
 e - a +0 ring mail
 f - a +0 large shield
 o - a scarf of repulsion (worn)
Scrolls
 h - a scroll of random uselessness {unknown}
 i - a scroll of fear {unknown}
 j - a scroll of magic mapping {unknown}
 l - a scroll of fog {unknown}
 m - a scroll of identify {unknown}
 p - a scroll of noise {unknown}
Potions
 c - 2 potions of agility {unknown}
 g - 2 potions of curing {unknown}
 n - a potion of mutation {unknown}
Comestibles
 d - 4 rations


   Skills:
 - Level 1.5(0.1) Dodging
 - Level 2.1(0.7) Stealth
 - Level 3.5(2.0) Spellcasting
 + Level 2.7(1.2) Conjurations
   Level 0.8(0.0) Summonings
 + Level 1.2(0.0) Translocations
 + Level 0.7(0.0) Fire Magic
 + Level 0.4(0.0) Air Magic
 + Level 0.8(0.0) Poison Magic


You had one spell level left.
You knew the following spells:

 Your Spells              Type           Power        Failure   Level  Hunger
a - Magic Dart            Conj           #...         10%         1    #......
b - Blink                 Tloc           N/A          24%         2    ##.....
c - Conjure Flame         Conj/Fire      #.......     36%         3    ###....
d - Mephitic Cloud        Conj/Pois/Air  #.......     36%         3    ###....

Your spell library contained the following spells:

 Spells                   Type           Power        Failure   Level  Hunger
 Call Imp                 Summ           #.......     24%         2    ##.....
 Slow                     Hex            #.......     24%         2    ##.....


Dungeon Overview and Level Annotations

Branches:
Dungeon (2/15)

Altars:
Fedhas

Annotations:
D:2 Natasha


Innate Abilities, Weirdness & Mutations

You are resistant to torment.
Your stone body is resilient. (AC +3)
You are immune to poison.
You resist negative energy. (rN+)
You are resistant to electric shocks. (rElec)
You can survive without breathing.
You are immune to petrification.
You are immune to rotting.


Message History

You closely miss the hound.
The hound is almost dead.
The hound bites you but does no damage.
You barely miss the hound.
The hound is almost dead.
The hound barely misses you. The hound bites you but does no damage.
You closely miss the hound.
The hound is almost dead.
The hound bites you.
* * * LOW HITPOINT WARNING * * *
You closely miss the hound.
The hound is almost dead.
The hound bites you.
* * * LOW HITPOINT WARNING * * *
The hound bites you.
* * * LOW HITPOINT WARNING * * *
You barely miss the hound.
The hound is almost dead.
The hound bites you.
You die...

#...# ##'########.. #...#
#........#...
###...####....†.......
#.......##........#.##
#.#########+#######.# #.#
#.# #####.## #.#
#÷###....... #.#
#######.#.........
#.###@.............###
#.....h...#####.##.#
#.#.............##.###
#.###.^...............
#.###.###)#########.##
#.....###.### #..#
#.###.#.....########.#
#....................#
#######......†....####...


You could see a hound.

Vanquished Creatures
  An ooze (D:1)
  A worm (D:2)
  3 dart slugs
  2 leopard geckos (D:1)
  A ball python (D:2)
  2 giant cockroaches (D:1)
  7 goblins
  6 hobgoblins
  6 jackals
  A quokka (D:2)
  7 bats
  2 frilled lizards (D:1)
  5 kobolds
  A quokka zombie (D:2)
  4 rats
49 creatures vanquished.

Notes
Turn   | Place    | Note
-------+----------+-------------------------------------------
     0 | D:1      | Fingolfin the Gargoyle Wizard began the quest for the Orb.
     0 | D:1      | Reached XP level 1. HP: 10/10 MP: 4/4
   155 | D:1      | Reached XP level 2. HP: 15/15 MP: 1/6
   226 | D:1      | Learned a level 2 spell: Blink
   236 | D:1      | Found a blossoming altar of Fedhas.
   593 | D:1      | Reached XP level 3. HP: 19/19 MP: 4/7
   609 | D:1      | Learned a level 3 spell: Conjure Flame
   634 | D:1      | Learned a level 3 spell: Mephitic Cloud
   766 | D:1      | Reached skill level 1 in Translocations
  1403 | D:2      | Reached XP level 4. HP: 23/24 MP: 0/9
  1908 | D:2      | Noticed Natasha
  1941 | D:1      | HP: 1/24 [hound (2)]
  1942 | D:1      | Slain by a hound

Levels and vault maps discovered:
D:1:      doesnt_arrival_eight_statues, layout_basic, hangedman_decor_points,
          minmay_hexomino_r4
D:2:      layout_rooms, first_ration, dk_noncrumbling_2, uniq_natasha

Skill      XL: |  1  2  3 |
---------------+----------+-----
Conjurations   | 2 |  2.7
Translocations | 1 |  1.2
Dodging        | |  1.5
Stealth        | |  2.1
Spellcasting   | |  3.5
Summonings     | |  0.8
Fire Magic     | |  0.7
Air Magic      | |  0.4
Poison Magic   | |  0.8

Action                   |  1- 3 |  4- 6 || total
-------------------------+-------+-------++-------
Melee: Unarmed           |    34 |       ||    34
       Spear             |    46 |    30 ||    76
       Dagger            |     6 |       ||     6
 Cast: Magic Dart        |    68 |    28 ||    96
 Stab: Sleeping          |     2 |       ||     2
  Eat: Chunk             |     2 |     1 ||     3
Armor: Robe              |    37 |    11 ||    48
Dodge: Dodged            |    70 |    18 ||    88
       Deflected         |       |     3 ||     3

Table legend:
 A = Non-vault XP
 B = Vault XP
 C = Vault XP percentage of total XP
 D = Non-vault monster count
 E = Vault monster count
 F = Vault count percentage of total count
                 A         B        C        D         E       F
            +---------+---------+-------+---------+---------+-------
      Total |      94 |       4 |   4.1 |      46 |       3 |   6.1
            +---------+---------+-------+---------+---------+-------
        D:1 |      63 |       4 |   6.0 |      31 |       3 |   8.8
        D:2 |      31 |       0 |   0.0 |      15 |       0 |   0.0
            +---------+---------+-------+---------+---------+-------
